 Dungeon Crawl Stone Soup version 0.32-a0-900-g30fb1b0edc (webtiles) character file.

Game seed: 8840794532134853470

12 Gunch the Trooper (level 2, -1/32 HPs)
             Began as an Oni Warper on Apr 6, 2024.
             Slain by an adder (2 damage)
             ... on level 2 of the Dungeon.
             The game lasted 00:01:39 (899 turns).

Gunch the Trooper (Oni Warper)                       Turns: 899, Time: 00:01:40

Health: -1/32      AC:  3    Str: 14    XL:     2   Next: 33%
Magic:  5/5        EV:  8    Int: 14    God:
Gold:   114        SH:  0    Dex:  8    Spells: 5/5 levels left

rFire   . . .        a - +0 mace
rCold   . . .        (no shield)
rNeg    . . .        k - +0 robe
rPois   .            (helmet restricted)
rElec   .            (no cloak)
rCorr   .            (gloves unavailable)
SInv    .            (boots unavailable)
Will    .....        (no amulet)
Stlth   +            (no ring)
HPRegen 0.25/turn    (no ring)
MPRegen 0.09/turn

%: no passive effects
@: no status effects
A: large, unfitting armour, horns 1, tough skin 1, double potion healing,
drunken brawling
a: no special abilities


You were on level 2 of the Dungeon.
You visited 1 branch of the dungeon, and saw 2 of its levels.

You collected 114 gold pieces.

Inventory:

Hand Weapons
 a - a +0 mace (weapon)
 b - a +3 dagger
Armour
 k - a +0 robe (worn)
Jewellery
 h - a +6 ring of intelligence
 i - a ring of magical power
Scrolls
 c - a scroll of blinking
 d - a scroll of brand weapon {unknown}
 f - a scroll of enchant armour {unknown}
 j - a scroll of identify {unknown}
 l - a scroll of immolation {unknown}
Potions
 g - a potion of brilliance


   Skills:
 * Level 4.0 Fighting
 - Level 2.0 Maces & Flails
 - Level 1.0 Throwing
 - Level 2.1 Dodging
 - Level 2.4 Spellcasting
 - Level 2.6 Translocations


You had 5 spell levels left.
You didn't know any spells.
Your spell library contained the following spells:

 Spells                   Type           Power      Damage    Failure   Level
 Blink                    Tloc           18%        N/A       12%         2
 Lesser Beckoning         Tloc           18%        N/A       12%         2
 Maxwell's Portable Pile  Tloc           9%         2d(6-16)  22%         3
 Teleport Other           Tloc           9%         N/A       22%         3
 Vhi's Electric Charge    Tloc/Air       10%        N/A       78%         4


Dungeon Overview and Level Annotations

Branches:
Dungeon (2/15)

Altars:


Innate Abilities, Weirdness & Mutations

You are too large for most types of armour.
You have a pair of small horns on your head.
You have tough skin. (AC +1)
You gain doubled healing and magic from potions.
Whenever you drink a healing potion, you attack all around you.


Message History

You feel sick. The quokka closely misses you. The quokka barely misses you.
The adder bites you.
You feel sick. The adder attacks as it pursues you! The adder bites you.
* * * LOW HITPOINT WARNING * * *
You closely miss the adder.
The adder is heavily wounded.
You feel sick.
You are no longer poisoned.
The adder barely misses you.
You barely miss the adder. You headbutt the adder.
The adder is severely wounded.
The adder bites you.
* * * LOW HITPOINT WARNING * * *
The adder closely misses you.
a - a +0 mace (weapon)
It was a potion of brilliance.
You feel clever all of a sudden. The adder barely misses you.
It was a potion of cancellation.
Your magical effects are unravelling.
You feel magically purged.
You feel a little less clever now. The adder bites you but does no damage.
The adder bites you.
* * * LOW HITPOINT WARNING * * *
You are poisoned.
The adder poisons you!
You miss the adder. You headbutt the adder.
The adder is severely wounded.
* * * LOW HITPOINT WARNING * * *
You feel sick. The adder barely misses you.
Okay, then.
You barely miss the adder.
The adder is severely wounded.
You feel sick. The adder misses you. The adder bites you but does no damage.
You closely miss the adder. Your headbutt misses the adder.
The adder is severely wounded.
You feel sick.
You are no longer poisoned.
The adder bites you.
You die...

###### ####...... #.........
#......... #######
#......... #.....#
#.†.......
###.....###########.........
.).............#.S..........
........#.......@#....♣♣...♣
........#........#####....#.
....#####........# P.♣P.P
....# #........# .P.# .
...## #........# ♣P#+ ...#
#........# #### ########.#
#.# #


You could see an adder.

Vanquished Creatures
  2 bats (D:1)
  An endoplasm (D:1)
  A hobgoblin (D:1)
  3 jackals (D:1)
  2 kobolds (D:1)
  A frilled lizard (D:2)
  A rat (D:1)
11 creatures vanquished.

Notes
Turn   | Place    | Note
-------+----------+-------------------------------------------
     0 | D:1      | Gunch the Oni Warper began the quest for the Orb.
     0 | D:1      | Reached XP level 1. HP: 22/22 MP: 3/3
   158 | D:1      | Reached skill level 3 in Fighting
   301 | D:1      | Reached XP level 2. HP: 30/31 MP: 5/5
   879 | D:2      | Reached skill level 4 in Fighting
   899 | D:2      | HP: 1/32 [poisoned by an adder]
   899 | D:2      | Slain by an adder

Illustrated notes

Levels and vault maps discovered:
D:1:      dpeg_arrival_houses_and_road, layout_loops_ring, corner_web_ring,
          minmay_strange_pillars
D:2:      wad_woods_tower, layout_basic, serial_shops,
          nicolae_shop_tiny_waterfront, basic_altar

Skill      XL: |  1  2 |
---------------+-------+-----
Fighting       | 3 4 |  4.0
Maces & Flails | |  2.0
Throwing       | |  1.0
Dodging        | |  2.1
Spellcasting   | |  2.4
Translocations | |  2.6

Action                     || total
---------------------------++-------
  Melee: Mace              ||    27
         Headbutt          ||     4
         Dagger            ||    11
  Throw: Dart              ||     7
    Use: Potion            ||     2
 Armour: Robe              ||    37
  Dodge: Dodged            ||    27

Table legend: (Time is in decaauts)
 A = Elapsed time spent in this place.
 B = Non-inter-level travel time spent in this place.
 C = Inter-level travel time spent in this place.
 D = Time resting spent in this place.
 E = Time spent auto-exploring this place.
 F = Levels seen in this place.
 G = Mean time per level.
                   A        B        C        D        E       F      G
               +--------+--------+--------+--------+--------+-----+--------+
         Total |    904 |    866 |     38 |      0 |    739 |   2 |  452.0 |
       Dungeon |    904 |    866 |     38 |      0 |    739 |   2 |  452.0 |
               +--------+--------+--------+--------+--------+-----+--------+

Top non-repeatable levels by time:
     D:1: 824 daAuts
     D:2: 79 daAuts
